 Seeded DCSS version 0.30-a0-1164-ge08a67761e (webtiles) character file.

Game seed: 8384013511323897183 (custom seed)

6 Mickster the Chopper (level 1, -1/20 HPs)
             Began as a Hill Orc Berserker on Apr 29, 2023.
             Was a Follower of Trog.
             Succumbed to an adder's poison
             ... on level 2 of the Dungeon.
             The game lasted 00:03:01 (356 turns).

Mickster the Chopper (Hill Orc Berserker)            Turns: 356, Time: 00:03:02

Health: -1/20      AC:  2    Str: 19    XL:     1   Next: 90%
Magic:  1/1        EV: 12    Int:  7    God:    Trog [*.....]
Gold:   23         SH:  0    Dex: 10    Spells: 0/0 levels left

rFire   . . .        a - +0 hand axe
rCold   x . .        (no shield)
rNeg    . . .        b - +0 animal skin
rPois   .            (no helmet)
rElec   +            (no cloak)
rCorr   .            (no gloves)
SInv    .            (no boots)
Will    .....        (no amulet)
Stlth   +            (no ring)
HPRegen 0.23/turn    (no ring)
MPRegen 0.07/turn

%: no passive effects
@: lethally poisoned (-1 -> -11)
A: electricity resistance, wild magic 1, cold vulnerability 1, MP-powered wands
a: Renounce Religion, Berserk


You were on level 2 of the Dungeon.
You worshipped Trog.
Trog was aware of your devotion.
You visited 1 branch of the dungeon, and saw 2 of its levels.

You collected 23 gold pieces.

Inventory:

Hand Weapons
 a - a +0 hand axe (weapon)
Missiles
 d - 11 stones
 g - 3 poisoned darts (quivered)
Armour
 b - a +0 animal skin (worn)
Scrolls
 c - a scroll of fog
 e - 2 scrolls of identify


   Skills:
 + Level 3.8 Fighting
 + Level 4.2 Axes
 + Level 2.2 Armour
 + Level 1.6 Dodging


You couldn't memorise any spells.
You didn't know any spells.
Your spell library was empty.

Dungeon Overview and Level Annotations

Branches:
Dungeon (2/15)

Altars:


Innate Abilities, Weirdness & Mutations

You are resistant to electric shocks. (rElec)
Your spells are a little harder to cast, but a little more powerful.
You are vulnerable to cold. (rC-)
You expend magic power (3 MP) to strengthen your wands.


Message History

You see here 3 poisoned darts.
g - 3 poisoned darts You see here a +0 hand axe.
There is a shaft here.
Unknown command.
An adder comes into view.
The adder hisses angrily.
A bat comes into view.
The adder bites you.
You are poisoned.
The adder poisons you!
You barely miss the adder.
You feel sick. The adder bites you.
You are more poisoned.
The adder poisons you!
You hit the adder.
The adder is lightly wounded.
You feel sick. The adder bites you.
You are lethally poisoned!
The adder poisons you! The adder closely misses you.
You barely miss the adder.
The adder is lightly wounded.
You feel very sick. The adder closely misses you.
You hit the adder.
The adder is severely wounded.
You feel very sick. The adder barely misses you. The adder bites you.
* * * LOW HITPOINT WARNING * * *
You barely miss the adder.
The adder is severely wounded.
* * * LOW HITPOINT WARNING * * *
You feel sick. The adder bites you.
* * * LOW HITPOINT WARNING * * *
You are more poisoned.
The adder poisons you!
It was a potion of mutation.
You feel extremely strange.
You feel vulnerable to cold.
You feel less in control of your magic.
You feel your magical essence link to the dungeon's wands.
You feel insulated.
You die...

#..........#
#.##########
#.# ### #.#
#.. #.# #.#
#.# #.# #^#
#b# #.# #S#
#.#####@#
#.......#
#########


You could see an adder and a bat.

Vanquished Creatures
  2 endoplasms
  A goblin (D:2)
  A hobgoblin (D:1)
  A frilled lizard (D:2)
5 creatures vanquished.

Notes
Turn   | Place    | Note
-------+----------+-------------------------------------------
     0 | D:1      | Mickster the Hill Orc Berserker began the quest for the
                  | Orb.
     0 | D:1      | Reached XP level 1. HP: 19/19 MP: 1/1
   355 | D:2      | HP: 1/20 [adder (3)]
   356 | D:2      | Gained mutation: You are vulnerable to cold. (rC-) [potion
                  | of mutation]
   356 | D:2      | Gained mutation: Your spells are a little harder to cast,
                  | but a little more powerful. [potion of mutation]
   356 | D:2      | Gained mutation: You expend magic power (3 MP) to
                  | strengthen your wands. [potion of mutation]
   356 | D:2      | Gained mutation: You are resistant to electric shocks.
                  | (rElec) [potion of mutation]
   356 | D:2      | Succumbed to an adder's poison

Illustrated notes

Levels and vault maps discovered:
D:1:      dpeg_arrival_round_a, layout_loops_corners, serial_shops, shop
D:2:      layout_loops_ring

Action                     || total
---------------------------++-------
  Melee: Hand axe          ||    24
    Use: Scroll            ||     2
         Potion            ||     1
 Armour: Animal skin       ||     3
  Dodge: Dodged            ||    12

Table legend: (Time is in decaauts)
 A = Elapsed time spent in this place.
 B = Non-inter-level travel time spent in this place.
 C = Inter-level travel time spent in this place.
 D = Time resting spent in this place.
 E = Time spent auto-exploring this place.
 F = Levels seen in this place.
 G = Mean time per level.
                   A        B        C        D        E       F      G
               +--------+--------+--------+--------+--------+-----+--------+
         Total |    358 |    341 |     17 |      0 |      0 |   2 |  179.0 |
       Dungeon |    358 |    341 |     17 |      0 |      0 |   2 |  179.0 |
               +--------+--------+--------+--------+--------+-----+--------+

Top non-repeatable levels by time:
     D:1: 240 daAuts
     D:2: 117 daAuts
